Map: Interloper LE

Players

Juxtapose

  • Race: Terran Terran
  • League: Gold
  • Spawn Location: 11:00

Lightning - Winner!

  • Race: Zerg Zerg
  • Spawn Location: 5:00

VOD

https://youtu.be/yJkPBURXhS0

Description

I play poorly in this match, and it shows.

Slow to tech, sloppy Widow Mine control, I should have invested in Hellions when I saw the number of Zerglings being used, etc.

I got out macroed and out played, so kudos to my opponent.

Time

  • Played on: Sept. 17, 2017, 11:28 a.m.
  • Length: 10:02
Show
View Real Time Build Order
Export as new Build Order

Juxtapose Terran 

Build Orders: MMM Bio 

Get SALT Encoding   

  12  0:01  SCV  
  13  0:13  SCV  
  14  0:22  Supply Depot  
  14  0:25  SCV  
  15  0:43  SCV  
  15  0:45  Barracks  
  15  0:47  Supply Depot  
  16  0:55  SCV  
  17  1:05  Refinery  
  17  1:07  SCV  
  17  1:10  Refinery  
  18  1:20  SCV  
  19  1:33  Orbital Command  
  19  1:48  Barracks Reactor  
  19  2:02  Supply Depot  
  19  2:20  Barracks  
  19  2:27  Reaper, Supply Depot  
  19  2:28  Reaper  
  21  2:34  SCV  
  22  2:42  Factory  
  22  2:46  SCV  
  23  3:11  Barracks Tech Lab  
  23  3:13  SCV  
  23  3:18  Engineering Bay  
  23  3:27  Factory Tech Lab  
  23  3:31  Factory Reactor  
  23  3:50  Marine x2  
  23  3:51  Marine  
  23  3:53  Stimpack  
  25  4:09  Marine  
  25  4:10  Marine  
  27  4:17  Cyclone x2  
  27  4:24  Starport  
  33  4:27  Marine x2  
  33  4:30  Command Center  
  33  4:31  Terran Infantry Weapons Level 1  
  35  4:34  Marine  
  36  4:39  SCV  
  36  4:45  Marine x2  
  37  4:49  Cyclone  
  42  4:55  Cyclone  
  45  5:11  Marine x2  
  47  5:22  Supply Depot  
  47  5:41  Marine, Cyclone  
  51  5:44  Supply Depot  
  45  5:51  Marine x2  
  45  5:56  Orbital Command  
  45  5:58  Starport Reactor  
  45  5:59  Marine  
  46  6:08  Marine  
  47  6:19  Widow Mine x2  
  47  6:25  Terran Infantry Armor Level 1  
  51  6:34  SCV  
  51  6:36  Medivac x2  
  56  6:41  Marine  
  56  6:45  Combat Shields  
  56  6:46  SCV  
  58  6:47  Widow Mine  
  58  6:48  Widow Mine  
  58  6:50  Orbital Command  
  62  7:09  Marine x2  
  62  7:11  Medivac  
  66  7:16  SCV  
  66  7:21  SCV  
  65  7:30  Orbital Command  
  65  7:33  SCV  
  54  7:45  Marine x3  
  54  7:46  Widow Mine x2  
  54  7:48  Viking x2  
  65  7:58  SCV x2  
  67  8:03  Marine x2  
  69  8:08  Marine  
  69  8:10  SCV  
  71  8:15  Widow Mine  
  71  8:18  Medivac  
  75  8:20  Marine  
  75  8:22  Marine  
  75  8:26  Marine  
  78  8:30  Armory  
  78  8:56  Marine  
  78  8:57  Marine  
  78  9:00  Marine  
  78  9:02  Medivac x2  
  53  9:14  Marine x2  
  54  9:18  Marine  
  53  9:32  Marine x2  
  53  9:35  Marine  
Show
View Real Time Build Order
Export as new Build Order

Lightning Zerg - Winner!

Build Orders: Hatch First 

Get SALT Encoding   

  12  0:01  Drone  
  13  0:11  Drone  
  14  0:21  Overlord  
  14  0:44  Hatchery  
  14  0:45  Drone  
  14  0:53  Drone x2  
  16  0:59  Drone  
  17  1:07  Drone  
  18  1:18  Spawning Pool  
  17  1:25  Drone  
  18  1:28  Extractor  
  17  1:35  Drone  
  18  1:41  Drone  
  19  1:52  Drone  
  20  1:57  Drone  
  21  2:02  Drone  
  21  2:05  Queen x2  
  26  2:10  Overlord  
  26  2:20  Drone  
  26  2:21  Drone  
  28  2:33  Metabolic Boost  
  28  2:35  Zergling x6  
  31  2:53  Zergling x2  
  31  2:54  Zergling x4  
  34  3:10  Queen  
  36  3:18  Overlord x3, Hatchery  
  35  3:26  Drone  
  36  3:29  Extractor  
  36  3:32  Extractor, Zergling x2, Drone  
  36  3:57  Zergling x4  
  36  3:58  Zergling x8  
  42  4:03  Drone x2  
  42  4:04  Drone x4  
  47  4:24  Drone x2  
  49  4:25  Drone  
  50  4:34  Queen  
  50  4:35  Drone  
  53  4:43  Drone x3  
  53  4:44  Drone  
  58  4:45  Zergling x4  
  58  4:46  Zergling x2  
  58  4:49  Overlord  
  60  4:54  Drone  
  60  4:59  Extractor  
  60  5:01  Zergling x2  
  62  5:07  Drone x3  
  62  5:10  Lair  
  64  5:27  Drone x3  
  64  5:28  Drone x2  
  69  5:34  Zergling x4  
  71  5:37  Overlord x5  
  62  6:02  Zergling x4  
  64  6:09  Zergling x4  
  64  6:10  Zergling x6  
  69  6:12  Zergling x12  
  69  6:15  Zergling x2  
  76  6:22  Infestation Pit  
  76  6:24  Hydralisk Den  
  74  6:29  Roach Warren  
  73  6:33  Evolution Chamber  
  73  6:34  Zergling x2  
  73  6:38  Zergling x8  
  77  6:41  Zergling x4  
  77  6:42  Zergling x4  
  77  6:44  Zergling x8  
  77  6:45  Zergling x4  
  87  7:17  Hydralisk  
  87  7:18  Hydralisk x2  
  88  7:39  Hydralisk  
  88  7:40  Hydralisk  
  88  7:41  Zergling x2  
  88  7:42  Zergling x4  
  88  7:43  Zergling x8  
  79  7:44  Zergling x4  
  79  7:45  Zergling x6  
  83  8:20  Extractor  
  83  8:22  Extractor  
  81  8:32  Roach x6  
  81  8:33  Hydralisk x3  
  81  8:34  Hydralisk  
  97  8:35  Zergling x4  
  97  8:38  Zergling x10  
  97  8:39  Zergling x2  
  88  9:07  Queen  
  86  9:12  Zergling x2  
  86  9:13  Zergling x8  
  86  9:14  Zergling x8  
  86  9:16  Zergling x6  
Tags
 
Composition
MMM Bio
League
Gold
Matchup
TvZ
Spawn Locations
Cross Positions
Add a new tag
Caveats
  • Supply blocks, unpowered buildings, or Contaminate may cause inaccurate times.
  • Supply counts are checked every 10 seconds.